 Dungeon Crawl Stone Soup version 0.16.1-11-g651b585 (webtiles) character file.

8138 miro the Fighter (level 11, -2/76 HPs)
             Began as a Gargoyle Fighter on Mar 29, 2015.
             Was a Believer of Ashenzari.
             Slain by an iron dragon simulacrum (3 damage)
             ... on level 1 of the Abyss on Mar 30, 2015.
             The game lasted 00:57:20 (11163 turns).

miro the Fighter (Gargoyle Fighter)                Turns: 11163, Time: 00:57:20

Health: -2/76      AC: 37    Str: 23    XL:     11   Next: 26%
Magic:  0/21       EV:  7    Int:  9    God:    Ashenzari [**....]
Gold:   629        SH:  0    Dex: 12    Spells: 2 memorised, 13 levels left

rFire  . . .     SeeInvis .     J - +2 flail (protect)
rCold  . . .     Clarity  .     g - +1 plate armour (curse)
rNeg   + . .     SustAb   +     (no shield)
rPois  ∞         Gourm    .     C - +1 hat
rElec  +         Spirit   +     B - +0 cloak
rCorr  .         Warding  .     G - +1 pair of gloves {Dex+3}
rMut   .         Stasis   .     R - +0 pair of boots
MR     .....                    a - amulet of guardian spirit
Stlth  ..........               M - ring of sustain abilities
                                l - +4 ring of protection (curse)

@: not resistant to hostile enchantments, extremely unstealthy
A: negative energy resistance 1, electricity resistance, unbreathing,
petrification resistance, rot immunity, AC +7
a: Renounce Religion


You were on level 1 of the Abyss.
You worshipped Ashenzari.
Ashenzari was pleased with you.
You were not hungry.

You visited 1 branch of the dungeon, and saw 10 of its levels.
You visited the Abyss 1 time.

You collected 629 gold pieces.

Inventory:

Hand weapons
 b - a +2 short sword of venom
 o - a +3 whip
 J - a +2 flail of protection (weapon)
Missiles
 w - a javelin (quivered)
Armour
 c - a +0 shield
 g - a cursed +1 plate armour (worn)
 B - a +0 cloak (worn)
 C - a +1 hat (worn)
 G - a +1 pair of gloves of dexterity (worn)
 R - a +0 pair of boots (worn)
Jewellery
 a - an amulet of guardian spirit (around neck)
 l - a cursed +4 ring of protection (left hand)
 v - an uncursed ring of stealth
 M - a ring of sustain abilities (right hand)
Magical devices
 F - a wand of enslavement (20)
Scrolls
 e - 2 scrolls of enchant weapon
 f - 5 scrolls of remove curse
 h - 4 scrolls of teleportation
 m - 2 scrolls of fog {unknown}
 n - 3 scrolls of identify
 y - 2 scrolls of curse armour
 E - a scroll of acquirement {unknown}
 H - 2 scrolls of magic mapping
 L - a scroll of torment {unknown}
 Q - a scroll of amnesia
Potions
 i - 5 potions of heal wounds
 p - 4 potions of restore abilities
 q - a potion of poison {unknown}
 r - 5 potions of curing
 x - a potion of agility
 z - 5 potions of haste
 A - a potion of berserk rage
 D - 4 potions of brilliance
 I - a potion of lignification
 K - a potion of resistance {unknown}
 O - a potion of cure mutation {unknown}
Books
 s - a book of Envenomations

   Spells                             Type                      Level
   a - Spider Form                    Transmutation/Poison         3
   b - Alistair's Intoxication        Transmutation/Poison         4
   c - Olgreb's Toxic Radiance        Poison                       4
   d - Poisonous Cloud                Conjuration/Poison/Air       6
 u - a book of Necromancy

   Spells                             Type                      Level
   a - Pain                           Necromancy                   1
   b - Animate Skeleton               Necromancy                   1
   c - Vampiric Draining              Necromancy                   3
   d - Regeneration                   Charms/Necromancy            3
   e - Animate Dead                   Necromancy                   4
   f - Control Undead                 Necromancy                   4
Comestibles
 d - 5 bread rations
 j - 2 fruits
 k - 4 beef jerkies
 t - 4 meat rations
 N - 2 royal jellies
 P - 2 chunks of flesh


   Skills:
 * Level 12.4 Fighting
 - Level 7.1 Maces & Flails
 + Level 9.1 Armour
 + Level 5.5 Shields
 + Level 3.9 Spellcasting
 + Level 3.8 Necromancy


You had 13 spell levels left.
You knew the following spells:

 Your Spells              Type           Power        Failure   Level  Hunger
a - Animate Skeleton      Necr           N/A          82%         1    #......
b - Regeneration          Chrm/Necr      #.........   100%        3    ###....


Dungeon Overview and Level Annotations

Branches:
Dungeon (10/15)            Temple (0/1) D:7            Lair (0/8) D:9
    Orc (0/4) D:10

Altars:
Ashenzari
Cheibriados
Elyvilon
Gozag
Makhleb
Okawaru
Ru
Xom
Zin
Beogh

Annotations:
D:10 Sonja


Innate Abilities, Weirdness & Mutations

You are resistant to torment.
You are immune to poison.
Your stone body is very resilient (AC +7).
You resist negative energy.
You are resistant to electric shocks.
You can survive without breathing.
You are immune to petrification.
You are immune to rotting.


Message History

Remove which piece of jewellery? (? for menu, Esc to quit)
Okay, then.
Take off which item? (? for menu, Esc to quit)
You start removing your armour.
You continue taking off your +0 shield.
Magic restored.
You continue taking off your +0 shield. x3
You finish taking off your +0 shield.
Unknown command.
You hit the iron dragon simulacrum but do no damage.
The iron dragon simulacrum bites you but does no damage.
The iron dragon simulacrum claws you!
The iron dragon simulacrum freezes you!!
The iron dragon simulacrum tramples you but does no damage.
You hit the iron dragon simulacrum but do no damage.
You sock the iron dragon simulacrum! The iron dragon simulacrum bites you.
The iron dragon simulacrum freezes you!!!
Ouch! That really hurt!
* * * LOW HITPOINT WARNING * * *
The iron dragon simulacrum claws you.
You die...

#.. ## ##.
.... # ..
#§..#..# * *
#..#..
..#...# # .
.#.#....# ,
#.#..#...##*
,, #.
.#....## ,
.#.## ###.#
, * *# * ,
#.# ,#@# * ,
* ,*
,##Z..#, * ,
..## * , *,
#.# , ,**,
## * * * * ,
, , * * *


You could see an iron dragon simulacrum.

Vanquished Creatures
  A tengu warrior (D:10)
  A demonic crawler (Abyss:1)
  A tengu conjurer (D:10)
  A raven (D:10)
  2 wyverns
  A wraith (D:10)
  A deep elf mage (D:9)
  2 hill giant zombies (D:10)
  The ghost of dxcTest1 the Shooter, an average HEHu (D:3)
  3 orc warriors (D:5)
  2 porcupines
  An ice beast (D:6)
  A black bear (D:8)
  3 sky beasts
  2 crocodiles (D:9)
  3 centaurs
  5 phantoms
  A wasp (D:10)
  5 ogres
  4 necrophages
  Blork the orc (D:4)
  2 giant frogs (D:8)
  3 scorpions
  2 troll zombies (D:10)
  3 electric eels (D:10)
  5 wights (D:6)
  2 goliath beetles
  3 crimson imps
  A quasit (D:6)
  Dowan (D:4)
  5 hounds
  A giant frog zombie (D:9)
  A centaur zombie (D:8)
  5 iguanas
  10 orc priests
  3 jellies
  3 centaur skeletons
  3 giant frog skeletons
  11 orc wizards
  8 worker ants
  6 sheep (D:9)
  4 ogre zombies (D:10)
  A hound skeleton (D:4)
  A worker ant zombie (D:9)
  15 adders
  2 river rats (D:9)
  3 gnolls (D:7)
  A shadow imp (D:10)
  A giant mite (D:4)
  3 worms
  4 adder skeletons
  2 giant geckos
  3 oozes
  49 orcs
  5 giant cockroaches
  15 hobgoblins
  15 jackals
  6 quokkas
  10 bats
  6 giant newts
  16 goblins
  2 goblin skeletons (D:10)
  3 goblin zombies (D:10)
  A hobgoblin skeleton (D:10)
  2 hobgoblin zombies (D:10)
  20 kobolds
  3 orc skeletons (D:10)
  14 orc zombies (D:10)
  A quokka zombie (D:8)
  13 rats
  A plant (D:10)
342 creatures vanquished.

Vanquished Creatures (others)
  A centaur (D:9)
  Duvessa (D:4)
  An electric eel (D:10)
  An orc (D:10)
  2 giant spores (D:9)
  3 ballistomycetes (D:9)
  A plant (D:10)
10 creatures vanquished.

Grand Total: 352 creatures vanquished

Notes
Turn   | Place    | Note
--------------------------------------------------------------
     0 | D:1      | miro, the Gargoyle Fighter, began the quest for the Orb.
     0 | D:1      | Reached XP level 1. HP: 14/14 MP: 1/1
   101 | D:1      | Reached XP level 2. HP: 17/19 MP: 2/2
   680 | D:2      | Reached XP level 3. HP: 24/24 MP: 3/3
   701 | D:2      | Reached skill level 4 in Fighting
   888 | D:2      | Reached XP level 4. HP: 29/29 MP: 4/4
  1495 | D:3      | Noticed dxcTest1's ghost (average HEHu)
  1509 | D:3      | Killed dxcTest1's ghost
  1509 | D:3      | Reached skill level 5 in Fighting
  1509 | D:3      | Reached XP level 5. HP: 31/35 MP: 5/5
  2021 | D:4      | Reached XP level 6. HP: 38/40 MP: 6/6
  2269 | D:4      | Noticed a phantom
  2275 | D:4      | Reached skill level 6 in Fighting
  2480 | D:4      | Found a shattered altar of Ashenzari.
  2486 | D:4      | Noticed an ogre
  2493 | D:4      | Killed an ogre
  2493 | D:4      | Reached skill level 5 in Armour
  2493 | D:4      | Reached XP level 7. HP: 29/47 MP: 7/7
  2502 | D:4      | Became a worshipper of Ashenzari the Shackled
  2568 | D:4      | Found a sacrificial altar of Ru.
  2589 | D:4      | Noticed Dowan
  2615 | D:4      | Killed Dowan
  2629 | D:4      | Noticed Duvessa
  2632 | D:4      | Noticed Blork the orc
  2654 | D:4      | Killed Duvessa
  2665 | D:4      | Killed Blork the orc
  2782 | D:4      | Killed a phantom
  2782 | D:4      | Reached skill level 7 in Fighting
  3294 | D:4      | Reached XP level 8. HP: 18/53 MP: 8/8
  3576 | D:5      | Entered Level 5 of the Dungeon
  3648 | D:5      | Reached skill level 5 in Maces & Flails
  3851 | D:5      | Upgraded the game from 0.16.1-7-g2c6721e to 0.16.1-11-g651b585
  4078 | D:5      | Reached skill level 8 in Fighting
  4268 | D:5      | Found an iron altar of Okawaru.
  4509 | D:5      | Found a runed door.
  5436 | D:5      | Reached skill level 9 in Fighting
  5570 | D:5      | Reached XP level 9. HP: 46/60 MP: 9/9
  5876 | D:5      | Found a roughly hewn altar of Beogh.
  6505 | D:6      | Reached skill level 10 in Fighting
  6521 | D:6      | Found an opulent altar of Gozag.
  7021 | D:6      | Learned a level 1 spell: Animate Skeleton
  7293 | D:7      | Found a staircase to the Ecumenical Temple.
  7338 | D:7      | Learned a level 3 spell: Regeneration
  7569 | D:7      | Found a burning altar of Makhleb.
  7913 | D:7      | Reached skill level 1 in Necromancy
  8175 | D:8      | Found a shimmering altar of Xom.
  8175 | D:8      | Found a shimmering altar of Xom.
  8175 | D:8      | Found a glowing silver altar of Zin.
  8175 | D:8      | Found a shimmering altar of Xom.
  8176 | D:8      | Found a shimmering altar of Xom.
  8201 | D:8      | Reached skill level 1 in Spellcasting
  8591 | D:8      | Found a snail-covered altar of Cheibriados.
  8737 | D:8      | Reached XP level 10. HP: 68/68 MP: 12/14
  9211 | D:9      | Noticed a hornet
  9229 | D:8      | Reached skill level 11 in Fighting
  9589 | D:9      | Acquired Ashenzari's first power
  9774 | D:9      | Found a white marble altar of Elyvilon.
  9884 | D:9      | Found a staircase to the Lair.
 10050 | D:10     | Entered Level 10 of the Dungeon
 10066 | D:10     | Noticed a tengu warrior
 10098 | D:10     | Killed a tengu warrior
 10405 | D:10     | Reached skill level 12 in Fighting
 10442 | D:10     | Reached XP level 11. HP: 73/76 MP: 20/20
 10519 | D:10     | Found a staircase to the Orcish Mines.
 10614 | D:10     | Reached skill level 5 in Shields
 11085 | D:10     | Noticed Sonja
 11090 | D:10     | Cast into the Abyss (Sonja)
 11163 | Abyss:1  | HP: 1/76 [iron dragon simulacrum (38)]
 11163 | Abyss:1  | Slain by an iron dragon simulacrum

Action                   |  1- 3 |  4- 6 |  7- 9 | 10-12 || total
-------------------------+-------+-------+-------+-------++-------
Melee: Flail             |   150 |   200 |   356 |   548 ||  1254
       Short sword       |       |       |   452 |       ||   452
       Whip              |       |       |    36 |       ||    36
Throw: Javelin           |       |       |       |     5 ||     5
  Use: Potion            |       |       |     2 |     1 ||     3
       Scroll            |       |       |    19 |       ||    19
  Eat: Chunk             |       |     5 |    15 |     9 ||    29
       Fruit             |       |       |     2 |       ||     2
       Pizza             |       |       |     1 |       ||     1
       Meat ration       |       |       |     1 |       ||     1
